 Dungeon Crawl Stone Soup version 0.26.0-15-gc6cd9f700b (webtiles) character file.

Game seed: 16281868562720749043

1745 vvl the Chopper (level 9, -7/75 HPs)
             Began as a Hill Orc Fighter on Jan 15, 2021.
             Was a Believer of Beogh.
             Killed from afar by an orc (10 damage)
             ... with a bolt of acid
             ... on level 7 of the Dungeon.
             The game lasted 00:13:10 (4992 turns).

vvl the Chopper (Hill Orc Fighter)                  Turns: 4992, Time: 00:13:10

Health: -7/75      AC: 10    Str: 21    XL:     9   Next: 6%
Magic:  12/12      EV:  6    Int: 16    God:    Beogh [**....]
Gold:   451        SH: 10    Dex: 16    Spells: 12/12 levels left

rFire    . . .     SeeInvis .   G - +9 short sword "Fomorat" {elec, +Rage Int+7}
rCold    + . .     Faith    .   c - +0 kite shield
rNeg     + . .     Spirit   .   J - +1 chain mail {rC+}
rPois    .         Reflect  .   E - +2 helmet
rElec    .         Harm     .   w - scarf {+Inv}
rCorr    .         Rampage  .   (no gloves)
Will     .....                  (no boots)
Stlth    ..........             (no amulet)
HPRegen  0.22/turn              F - ring of positive energy
MPRegen  0.13/turn              C - +6 ring of dexterity

@: corroded
A: no striking features
a: Renounce Religion, Evoke Berserk Rage, Evoke Invisibility, Smiting


You were on level 7 of the Dungeon.
You worshipped Beogh.
Beogh was pleased with you.
You visited 1 branch of the dungeon, and saw 7 of its levels.

You collected 451 gold pieces.

Inventory:

Hand Weapons
 a - a +0 war axe
 n - a +2 hand axe of flaming
 G - the +9 short sword "Fomorat" (weapon) {elec, +Rage Int+7}
   (You found it on level 5 of the Dungeon)

   Occasionally, upon striking a foe, it can discharge electrical energy and
   cause terrible harm.
   It affects your intelligence (+7).
   It lets you go berserk.
Armour
 c - a +0 kite shield (worn)
 w - a scarf of invisibility (worn)
 E - a +2 helmet (worn)
 J - a +1 chain mail of cold resistance (worn)
Jewellery
 g - an uncursed ring of flight
 C - a +6 ring of dexterity (right hand)
 F - a ring of positive energy (left hand)
 I - a +6 ring of strength {unknown}
Wands
 h - a wand of random effects (14)
 m - a wand of polymorph (15)
 q - a wand of digging (4)
Scrolls
 e - 4 scrolls of teleportation
 i - 6 scrolls of remove curse
 j - a scroll of amnesia {unknown}
 p - 2 scrolls of fog {unknown}
 r - 2 scrolls of identify
 s - a scroll of immolation
 u - a scroll of enchant armour {unknown}
 y - a scroll of fear {unknown}
 A - 5 scrolls of magic mapping {unknown}
 B - 2 scrolls of random uselessness {unknown}
 H - a scroll of enchant weapon {unknown}
Potions
 d - 2 potions of might
 f - 4 potions of lignification
 k - a potion of attraction
 l - 4 potions of curing {unknown}
 o - 4 potions of brilliance
 t - a potion of magic {unknown}
 v - a potion of cancellation {unknown}
 x - 2 potions of mutation {unknown}
 z - a potion of haste {unknown}
 D - a potion of invisibility {unknown}


   Skills:
 + Level 5.8 Fighting
 * Level 7.6 Axes
 + Level 1.4 Crossbows
 + Level 5.3 Armour
 + Level 5.4 Shields
 + Level 2.0 Spellcasting
 + Level 2.7 Conjurations
 + Level 0.1 Summonings
 + Level 3.1 Fire Magic
 + Level 3.7 Invocations
 + Level 2.8 Evocations


You had 12 spell levels left.
You didn't know any spells.
Your spell library contained the following spells:

 Spells                   Type           Power        Failure   Level
 Summon Small Mammal      Summ           8%           99%         1
 Call Imp                 Summ           2%           100%        2
 Call Canine Familiar     Summ           2%           100%        3
 Summon Guardian Golem    Hex/Summ       1%           100%        3
 Summon Ice Beast         Ice/Summ       1%           100%        4
 Summon Lightning Spire   Summ/Air       1%           100%        4


Dungeon Overview and Level Annotations

Branches:
Dungeon (7/15)
 Temple: D:4-7

Altars:
Dithmenos
Okawaru
Yredelemnul


Message History

The puff of frost hits you. You resist.
You puncture the white imp!
Lightning courses through the white imp!
You kill the white imp!
Beogh accepts your kill.
The orc zaps a wand.
The bolt of acid hits you!! The acid corrodes you!
You are splashed with acid!
You are too injured to fight recklessly!
You are too injured to fight recklessly!
You are too injured to fight recklessly!
You are too injured to fight recklessly!
You are too injured to fight recklessly!
Found a stone staircase leading up.
The orc zaps a wand.
The bolt of acid hits you!
* * * LOW HITPOINT WARNING * * *
You are splashed with acid!
* * * LOW HITPOINT WARNING * * *
The orc zaps a wand.
The bolt of acid hits you!
You die...
Beogh appreciates the orc's killing of a heretic priest.

#.# ###### #.#### ...
.....##########..... ...
.................... ...
#.#...#.......#.....
...#.#...#.......#.....
#.#.#...#.......#+#### #
#$..#...#.............
#.#.#..@.......#........
#.......o.)....#..(.....
#.....##.......#........
#.......................
#..............#........
#....#.........#........
..............###........
#####..#....##..###+#.####
...#.<...#........####


You could see an orc.

Vanquished Creatures
  Menkaure (D:5)
  2 ice beasts (D:7)
  A sky beast (D:6)
  An orc warrior (D:6)
  A necrophage (D:5)
  A phantom (D:5)
  An ogre (D:6)
  2 centaurs (D:6)
  2 howler monkeys (D:6)
  A centaur skeleton (D:6)
  2 centaur zombies
  3 hounds
  A gnoll shaman (D:6)
  2 orc priests
  3 orc wizards
  An iguana (D:5)
  3 worker ants
  2 hound zombies
  A hound skeleton (D:7)
  A worker ant zombie (D:5)
  10 adders
  5 gnolls (D:6)
  A shadow imp (D:6)
  A white imp (D:7)
  2 oozes
  An adder skeleton (D:4)
  A worm (D:2)
  2 dart slugs (D:1)
  A leopard gecko (D:1)
  17 orcs
  A ball python (D:3)
  7 bats
  2 giant cockroaches
  9 goblins
  8 hobgoblins
  7 jackals
  5 frilled lizards
  4 kobolds
  9 rats
125 creatures vanquished.

Vanquished Creatures (others)
  A leopard gecko (D:3)
  2 orcs (D:3)
  A kobold (D:3)
4 creatures vanquished.

Grand Total: 129 creatures vanquished

Notes
Turn   | Place    | Note
-------+----------+-------------------------------------------
     0 | D:1      | vvl the Hill Orc Fighter began the quest for the Orb.
     0 | D:1      | Reached XP level 1. HP: 19/19 MP: 1/1
    30 | D:1      | Reached skill level 3 in Axes
   235 | D:1      | Reached XP level 2. HP: 23/27 MP: 2/2
   355 | D:1      | Reached XP level 3. HP: 29/33 MP: 3/3
   877 | D:1      | You fall into a shaft and drop 1 floor!
  1032 | D:3      | Reached skill level 4 in Axes
  1034 | D:3      | Became a worshipper of Beogh the Brigand
  1234 | D:3      | Reached XP level 4. HP: 28/40 MP: 4/4
  1533 | D:2      | Reached XP level 5. HP: 37/47 MP: 5/5
  1693 | D:2      | Reached * piety under Beogh
  1814 | D:2      | Reached skill level 5 in Axes
  2640 | D:4      | Reached skill level 1 in Invocations
  2640 | D:4      | Reached XP level 6. HP: 52/53 MP: 6/6
  3152 | D:5      | Entered Level 5 of the Dungeon
  3170 | D:5      | Reached skill level 1 in Fire Magic
  3193 | D:5      | Got an iridescent short sword
  3194 | D:5      | Identified the +9 short sword "Fomorat" {elec, +Rage Int+7}
                  | (You found it on level 5 of the Dungeon)
  3273 | D:5      | Noticed a necrophage
  3280 | D:5      | Killed a necrophage
  3281 | D:5      | Reached skill level 1 in Conjurations
  3281 | D:5      | Reached skill level 1 in Evocations
  3286 | D:5      | Reached XP level 7. HP: 59/60 MP: 8/8
  3310 | D:5      | Noticed Menkaure
  3315 | D:5      | Killed Menkaure
  3316 | D:5      | Reached skill level 1 in Spellcasting
  3425 | D:5      | Reached skill level 6 in Axes
  3451 | D:5      | Reached skill level 5 in Fighting
  3597 | D:5      | Found a shadowy altar of Dithmenos.
  3782 | D:6      | Reached XP level 8. HP: 53/68 MP: 8/10
  4094 | D:6      | Reached skill level 5 in Armour
  4097 | D:6      | Found an iron altar of Okawaru.
  4103 | D:6      | Reached skill level 5 in Shields
  4104 | D:6      | Reached ** piety under Beogh
  4105 | D:6      | Reached skill level 7 in Axes
  4121 | D:6      | Reached skill level 1 in Crossbows
  4485 | D:6      | Found a basalt altar of Yredelemnul.
  4809 | D:7      | Reached XP level 9. HP: 75/75 MP: 12/12
  4991 | D:7      | HP: 3/75 [acid (11)]
  4992 | D:7      | Killed from afar by an orc

Illustrated notes

Levels and vault maps discovered:
D:1:      beargit_arrival_greenhouse, layout_basic
D:2:      layout_basic
D:3:      layout_loops_ring
D:4:      layout_loops_ring
D:5:      layout_cave_pools, grunt_dithmenos_shadows, uniq_menkaure
D:6:      layout_rooms, yredelemnul_altar_generic, okawaru_metal_pillars_1_2
D:7:      layout_basic, minmay_temple_entry_sparse_star, serial_shops,
          shop_statue

Skill      XL: |  1  2  3  4  5  6  7  8 |
---------------+-------------------------+-----
Axes           | 3 4 5 6 7 |  7.6
Fighting       | 4 5 |  5.8
Armour         | 4 5 |  5.3
Shields        | 4 5 |  5.4
Invocations    | 1 2 3 |  3.7
Fire Magic     | 1 2 3 |  3.1
Conjurations   | 1 2 |  2.7
Evocations     | 1 2 |  2.8
Spellcasting   | 1 2 |  2.0
Crossbows      | 1 |  1.4
Summonings     | |  0.1

Action                   |  1- 3 |  4- 6 |  7- 9 || total
-------------------------+-------+-------+-------++-------
Melee: War axe           |   106 |    16 |       ||   122
       Hand axe          |       |   119 |       ||   119
       Short sword       |       |     9 |   139 ||   148
Invok: Convert to Beogh  |     1 |       |       ||     1
  Use: Scroll            |       |     8 |     1 ||     9
Armor: Scale mail        |    71 |    57 |    56 ||   184
       Chain mail        |       |       |     7 ||     7
Dodge: Dodged            |    49 |    43 |    26 ||   118
Block: Kite shield       |    85 |    70 |    70 ||   225
